 Dungeon Crawl Stone Soup version 0.27.1-1-g398f81649c (webtiles) character file.

Game seed: 18293826823630025700

102 MisterFreud the Shield-Bearer (level 4, -1/61 HPs)
             Began as a Gnoll Fighter on Sept 9, 2021.
             Was a Follower of Trog.
             Slain by a gnoll (8 damage)
             ... on level 3 of the Dungeon.
             The game lasted 00:02:16 (2253 turns).

MisterFreud the Shield-Bearer (Gnoll Fighter)       Turns: 2253, Time: 00:02:17

Health: -1/61      AC:  7    Str: 15    XL:     4   Next: 78%
Magic:  5/5        EV:  8    Int:  9    God:    Trog [*.....]
Gold:   99         SH: 10    Dex: 11    Spells: 5/5 levels left

rFire    . . .     SeeInvis .   a - +0 rapier
rCold    . . .     Faith    .   c - +0 kite shield
rNeg     . . .     Spirit   .   b - +0 scale mail
rPois    .         Reflect  .   (no helmet)
rElec    .         Harm     .   (no cloak)
rCorr    .         Rampage  .   (no gloves)
Will     .....                  (no boots)
Stlth    ..........             (no amulet)
HPRegen  0.20/turn              (no ring)
MPRegen  0.09/turn              (no ring)

@: berserking, very quick
A: fangs 1, strong nose, distributed training
a: Renounce Religion, Berserk


You were on level 3 of the Dungeon.
You worshipped Trog.
Trog was aware of your devotion.
You visited 1 branch of the dungeon, and saw 3 of its levels.

You collected 99 gold pieces.

Inventory:

Hand Weapons
 a - a +0 rapier (weapon)
Missiles
 o - 14 poisoned darts (quivered)
Armour
 b - a +0 scale mail (worn)
 c - a +0 kite shield (worn)
Scrolls
 e - a scroll of magic mapping {unknown}
 f - 5 scrolls of identify {unknown}
 j - a scroll of holy word {unknown}
 m - a scroll of teleportation {unknown}
 p - a scroll of immolation {unknown}
Potions
 d - a potion of might
 g - a potion of attraction {unknown}
 h - a potion of mutation {unknown}
 i - a potion of flight {unknown}
 k - a potion of resistance {unknown}
 l - a potion of haste {unknown}
 n - a potion of brilliance {unknown}


   Skills:
 + Level 6.6 Fighting
 + Level 4.7 Short Blades
 + Level 1.2 Long Blades
 + Level 1.2 Axes
 + Level 1.2 Maces & Flails
 + Level 1.2 Polearms
 + Level 1.2 Staves
 + Level 1.2 Slings
 + Level 1.2 Bows
 + Level 1.2 Crossbows
 + Level 1.2 Throwing
 + Level 6.6 Armour
 + Level 1.2 Dodging
 + Level 1.2 Stealth
 + Level 6.6 Shields
 + Level 1.2 Unarmed Combat
 + Level 1.2 Spellcasting
 + Level 1.0 Conjurations
 + Level 1.0 Hexes
 + Level 1.0 Summonings
 + Level 1.0 Necromancy
 + Level 1.0 Translocations
 + Level 1.0 Transmutations
 + Level 1.0 Fire Magic
 + Level 1.0 Ice Magic
 + Level 1.0 Air Magic
 + Level 1.0 Earth Magic
 + Level 1.0 Poison Magic
 + Level 1.3 Invocations
 + Level 1.2 Evocations


You had 5 spell levels left.
You didn't know any spells.
Your spell library contained the following spells:

 Spells                   Type           Power      Damage    Failure   Level
 Shock                    Conj/Air       8%         1d3       93%         1
 Swiftness                Air            2%         N/A       100%        3
 Airstrike                Air            1%         N/A       100%        4


Dungeon Overview and Level Annotations

Branches:
Dungeon (3/15)

Altars:
Trog


Innate Abilities, Weirdness & Mutations

You have very sharp teeth.
Your uncanny sense of smell can sniff out nearby items.
Your experience applies equally to all skills.


Message History

The gnoll hits you with a +0 flail. The gnoll hits you but does no damage.
You barely miss the gnoll.
The gnoll is moderately wounded.
You block the gnoll's attack. x2
You barely miss the gnoll.
The gnoll is moderately wounded.
The gnoll closely misses you. The gnoll barely misses you.
You hit the gnoll but do no damage.
The gnoll is moderately wounded.
The gnoll hits you with a +0 flail. The gnoll barely misses you.
You hit the gnoll. You bite the gnoll, but do no damage.
The gnoll is heavily wounded.
The gnoll closely misses you. x2
You closely miss the gnoll.
The gnoll is heavily wounded.
The gnoll hits you with a +0 flail.
The gnoll hits you from afar with a +0 halberd!
* * * LOW HITPOINT WARNING * * *
You are too injured to fight recklessly!
You hit the gnoll.
The gnoll is almost dead.
The gnoll hits you but does no damage. You block the gnoll's attack. x2
A red film seems to cover your vision as you go berserk!
You feel yourself moving faster!
You feel mighty! The gnoll barely misses you.
The gnoll hits you with a +0 flail.
* * * LOW HITPOINT WARNING * * *
You barely miss the gnoll.
The gnoll is almost dead.
You block the gnoll's attack.
You barely miss the gnoll. You bite the gnoll.
You kill the gnoll!
Trog accepts your kill. You block the gnoll's attack.
The gnoll barely misses you. x2; You block the gnoll's attack.
Things that are here:
a +0 flail; a +0 club You puncture the gnoll!
The gnoll is almost dead.
You block the gnoll's attack. The gnoll hits you with a +0 halberd!
You die...

<........).
..........#
..........#
#.......#
####......#
#.........#
#........B#
#......ggg#
#########@#
#.# ###


You could see 3 gnolls and a giant cockroach.

Vanquished Creatures
  A gnoll (D:3)
  3 adders (D:2)
  A dart slug (D:2)
  2 endoplasms (D:2)
  5 giant cockroaches
  7 goblins
  5 hobgoblins
  7 jackals (D:2)
  4 quokkas
  4 ball pythons
  7 bats
  3 frilled lizards (D:1)
  7 kobolds
  4 rats (D:1)
60 creatures vanquished.

Notes
Turn   | Place    | Note
-------+----------+-------------------------------------------
     0 | D:1      | MisterFreud the Gnoll Fighter began the quest for the Orb.
     0 | D:1      | Reached XP level 1. HP: 23/23 MP: 1/1
   115 | D:1      | Reached XP level 2. HP: 29/29 MP: 2/2
   579 | D:1      | Reached XP level 3. HP: 28/35 MP: 3/3
   787 | D:1      | Found a faded altar of an unknown god.
  1180 | D:1      | Became a worshipper of Trog the Wrathful
  1180 | D:1      | Reached * piety under Trog
  1339 | D:2      | Reached skill level 1 in Invocations
  1517 | D:2      | Reached skill level 1 in Long Blades
  1517 | D:2      | Reached skill level 1 in Axes
  1517 | D:2      | Reached skill level 1 in Maces & Flails
  1517 | D:2      | Reached skill level 1 in Polearms
  1517 | D:2      | Reached skill level 1 in Staves
  1517 | D:2      | Reached skill level 1 in Slings
  1517 | D:2      | Reached skill level 1 in Bows
  1517 | D:2      | Reached skill level 1 in Crossbows
  1517 | D:2      | Reached skill level 1 in Throwing
  1517 | D:2      | Reached skill level 1 in Dodging
  1517 | D:2      | Reached skill level 1 in Stealth
  1517 | D:2      | Reached skill level 1 in Unarmed Combat
  1517 | D:2      | Reached skill level 1 in Spellcasting
  1517 | D:2      | Reached skill level 1 in Evocations
  1627 | D:2      | Reached XP level 4. HP: 41/41 MP: 5/5
  2146 | D:2      | Reached skill level 1 in Conjurations
  2146 | D:2      | Reached skill level 1 in Hexes
  2146 | D:2      | Reached skill level 1 in Summonings
  2146 | D:2      | Reached skill level 1 in Necromancy
  2146 | D:2      | Reached skill level 1 in Translocations
  2146 | D:2      | Reached skill level 1 in Transmutations
  2146 | D:2      | Reached skill level 1 in Fire Magic
  2146 | D:2      | Reached skill level 1 in Ice Magic
  2146 | D:2      | Reached skill level 1 in Air Magic
  2146 | D:2      | Reached skill level 1 in Earth Magic
  2146 | D:2      | Reached skill level 1 in Poison Magic
  2253 | D:3      | Slain by a gnoll

Illustrated notes

Levels and vault maps discovered:
D:1:      lemuel_arrival_hallway, layout_loops_ring,
          shapermc_ecumenical_altar_flowoftime, minmay_split_cup_small
D:2:      layout_loops_corners
D:3:      layout_rooms, nicolae_overflow_quartered_altars, tgw_fedhas,
          serial_shops, shop, mrwooster_statue_mirror, grunt_decor_mini_mirrors,
          uniq_crazy_yiuf_cottage

Skill      XL: |  1  2  3  4 |
---------------+-------------+-----
Invocations    | 1 |  1.3
Long Blades    | 1 |  1.2
Axes           | 1 |  1.2
Maces & Flails | 1 |  1.2
Polearms       | 1 |  1.2
Staves         | 1 |  1.2
Slings         | 1 |  1.2
Bows           | 1 |  1.2
Crossbows      | 1 |  1.2
Throwing       | 1 |  1.2
Dodging        | 1 |  1.2
Stealth        | 1 |  1.2
Unarmed Combat | 1 |  1.2
Spellcasting   | 1 |  1.2
Evocations     | 1 |  1.2
Conjurations   | 1 |  1.0
Hexes          | 1 |  1.0
Summonings     | 1 |  1.0
Necromancy     | 1 |  1.0
Translocations | 1 |  1.0
Transmutations | 1 |  1.0
Fire Magic     | 1 |  1.0
Ice Magic      | 1 |  1.0
Air Magic      | 1 |  1.0
Earth Magic    | 1 |  1.0
Poison Magic   | 1 |  1.0
Fighting       | |  6.6
Short Blades   | |  4.7
Armour         | |  6.6
Shields        | |  6.6

Action                   |  1- 3 |  4- 6 || total
-------------------------+-------+-------++-------
Melee: Rapier            |   165 |    66 ||   231
       Bite              |    10 |     6 ||    16
Invok: Berserk           |       |     1 ||     1
Armor: Scale mail        |    79 |    22 ||   101
Dodge: Dodged            |    44 |    29 ||    73
Block: Kite shield       |    96 |    45 ||   141
